AoeStats
← Dragonhell0106

Black Forest

510229556Analyzed
2v2 RM · 2d ago on Sep 30, 2026· 38m 23s· 4 players
Game mode
Random Map
Map size
Medium (4 player)
Population
200
Speed
Normal
Resources
Standard
Victory
Conquest
Starting age
Dark Age
Ending age
Imperial Age
RankedLock teamsTeams togetherTeam positionsShared explorationLock speedFull tech treeHidden civsTurbo modeCheats
Victory
Defeat
🇨🇦 Mapuche · Canada
781
+12
🇺🇸 Koreans · United States
652
+18
🇨🇴 Franks · Colombia
718
-16
🇨🇴 Burgundians · Colombia
661
-14
Dragonhell0106
0:30 Loom
15:36 Feudal Age
15:38 Double-Bit Axe
17:30 Wheelbarrow
25:13 Castle Age
25:48 Bow Saw
25:57 Gold Mining
29:15 Horse Collar
juanprch
12:03 Feudal Age
19:36 Castle Age
18:15 Double-Bit Axe
19:04 Fishing Lines
20:09 Gillnets
23:55 Wheelbarrow
27:33 Hand Cart
27:16 Pikeman
27:57 Squires
28:05 Scale Barding Armor
30:37 Forging
31:09 Husbandry
31:46 Gambesons
39:57 Imperial Age
38:58 Chain Barding Armor
39:14 Iron Casting
radii
0:34 Loom
11:38 Feudal Age
12:59 Wheelbarrow
12:15 Double-Bit Axe
12:13 Horse Collar
20:48 Town Watch
23:14 Castle Age
22:37 Gold Mining
24:24 Hand Cart
24:24 Bow Saw
24:17 Heavy Plow
28:42 Gold Shaft Mining
32:43 Imperial Age
31:31 Fletching
32:02 Masonry
32:19 Ballistics
34:30 Chemistry
33:44 Masonry
33:16 Treadmill Crane
34:17 Town Patrol
34:16 Bodkin Arrow
34:25 Eupseong
35:29 Arrowslits
37:24 Conscription
37:24 Fortified Wall
37:24 Caravan
37:33 Elite Skirmisher
38:19 Thumb Ring
felipe.flores8
11:21 Feudal Age
11:42 Horse Collar
11:49 Double-Bit Axe
11:56 Loom
19:30 Castle Age
20:34 Wheelbarrow
22:49 Heavy Plow
23:44 Bow Saw
25:28 Caravan
32:23 Imperial Age
34:58 Conscription
36:04 Crop Rotation
35:30 Gold Mining
35:33 Stone Mining
36:03 Hand Cart
36:53 Butalmapu
36:30 Pikeman
Connection lost

Rejoining the realm…

Still unreachable

The connection could not be restored.

Session expired

The server has moved on; the page needs a fresh start.